 Dungeon Crawl Stone Soup version 0.23.2-33-g5129a83184 (webtiles) character file.

Game seed: 6661151657504550355

120 MalarOregon the Digger (level 5, -11/40 (41) HPs)
             Began as a Ghoul Earth Elementalist on July 15, 2019.
             Killed by divine providence
             ... invoked by an orc priest
              (12 damage)
             ... on level 3 of the Dungeon.
             The game lasted 00:05:15 (2645 turns).

MalarOregon the Digger (Ghoul Earth Elementalist)   Turns: 2645, Time: 00:05:16

HP:   -11/40 (41)   AC:  2    Str: 12    XL:     5   Next: 4%
MP:   7/7           EV: 12    Int: 11    God:
Gold: 143           SH:  0    Dex:  9    Spells: 2/8 levels left

rFire    . . .     SeeInvis .   l - +0 halberd
rCold    + . .     Gourm    .   (shield currently unavailable)
rNeg     + + +     Faith    .   c - +0 robe
rPois    ∞         Spirit   .   (no helmet)
rElec    .         Reflect  .   (no cloak)
rCorr    .         Harm     .   (no gloves)
MR       .....                  (no boots)
Stlth    ++........             (no amulet)
HPRegen  0.00/turn              (no ring)
MPRegen  0.10/turn              (no ring)

@: rotting
A: rotting body, claws 1, carnivore, cold resistance 1, negative energy
resistance 3, inhibited regeneration, torment resistance, unbreathing
a: no special abilities


You were on level 3 of the Dungeon.
You were not hungry.

You visited 1 branch of the dungeon, and saw 3 of its levels.

You collected 143 gold pieces.

Inventory:

Hand Weapons
 l - a +0 halberd (weapon)
   (You took it off a gnoll on level 1 of the Dungeon)
Missiles
 b - 105 stones (quivered)
Armour
 c - a +0 robe (worn)
Jewellery
 r - a +3 ring of dexterity {unknown}
   (You found it on level 2 of the Dungeon)
Scrolls
 a - 2 scrolls of identify {unknown}
 g - a scroll of remove curse {@r2}
 k - 3 scrolls of blinking {unknown}
 n - a scroll of fear {unknown}
 q - a scroll of teleportation {unknown}
Potions
 d - 2 potions of mutation {unknown}
 h - a potion of resistance {unknown}
 i - 2 potions of curing {unknown}
 j - a potion of brilliance {unknown}
 m - 3 potions of lignification {unknown}
 p - a potion of magic {unknown}
Comestibles
 e - 5 rations {!d}


   Skills:
 + Level 1.9 Fighting
 + Level 2.4 Dodging
 + Level 3.1 Stealth
 + Level 2.3 Spellcasting
 + Level 0.4 Conjurations
 + Level 1.2 Transmutations
 + Level 3.9 Earth Magic


You had 2 spell levels left.
You knew the following spells:

 Your Spells              Type           Power        Failure   Level  Hunger
a - Sandblast             Erth           ##....       5%          1    ##.....
q - Passwall              Tmut/Erth      #.......     14%         2    ###....
x - Stone Arrow           Conj/Erth      #.....       34%         3    ####...

Your spell library contained the following spells:

 Spells                   Type           Power        Failure   Level  Hunger
 Petrify                  Tmut/Erth      #.......     67%         4    #####..
 Lee's Rapid Deconstruct  Erth           ##........   83%         5    ######.


Dungeon Overview and Level Annotations

Branches:
Dungeon (3/15)

Altars:


Innate Abilities, Weirdness & Mutations

Your body is rotting away.
You thrive on raw meat.
You are immune to poison.
You have sharp fingernails.
You are carnivorous and can eat meat at any time.
Your flesh is cold resistant. (rC+)
You are immune to negative energy. (rN+++)
You do not regenerate when monsters are visible.
You are immune to unholy pain and torment.
You can survive without breathing.


Message History

Found a dagger.
A worm is nearby!
A worm is nearby!
There is an open door here.
Attack whom?
Aim: a worm (resting)
You reach to attack!
The helpless worm fails to defend itself.
You puncture the worm! You hit the worm. The worm bites you.
You barely miss the worm. The worm barely misses you.
You slash the worm! The worm bites you.
You puncture the worm!
You kill the worm!
You have reached level 5!
You feel stronger.
An orc comes into view. It is wielding a +0 flail.
An orc is nearby!
An orc is nearby!
The orc shouts!
You hear a shout!
An orc comes into view. It is wielding a +0 hand axe.
An orc comes into view.
It is wielding a +0 mace and wearing a +2 scale mail of cold resistance.
The orc shouts! x2; You hear a shout!
An orc priest comes into view. It is wielding a +0 dagger.
Found a rapier.
You puncture the orc!
You kill the orc!
The orc throws a tomahawk.
The tomahawk hits you!
The orc throws a tomahawk.
The tomahawk barely misses you.
The orc priest calls down the wrath of Beogh upon you.
Beogh smites you!
* * * LOW HITPOINT WARNING * * *
The orc throws a tomahawk.
The tomahawk barely misses you.
You hear a shout!
You see here a +0 flail.
You are too injured to fight recklessly!
You are too injured to fight recklessly!
You are too injured to fight recklessly!
You are too injured to fight recklessly!
Aim: an orc, wielding a +0 hand axe
Okay, then.
Okay, then.
There is an open door here.
You close the door.
An orc opens the door.
The orc priest calls down the wrath of Beogh upon you.
Beogh smites you!
* * * LOW HITPOINT WARNING * * *
The orc priest calls down the wrath of Beogh upon you.
Beogh smites you!
You die...

#...o.# .. #..(o.# ...
####'## ..... #.o#......
####### ##.#......
#.....## #o.....# #..<...#
#o#.#..#
.......#########.#....#
.........#.....#@.....####
.......#.#.#.............
...........#.#.....#...##
....<..#.#.# #..[.##...#
...........# #.###.....#
..######.###.#.###.##..#
.............#.........#
#.######.#########(##.##
#.##.....#...........>#


You could see an orc priest and 2 orcs.

Vanquished Creatures
  2 gnolls
  2 adders (D:2)
  2 oozes (D:3)
  3 worms
  2 dart slugs
  2 leopard geckos
  2 orcs (D:3)
  3 giant cockroaches (D:1)
  9 goblins
  8 hobgoblins
  A ball python (D:3)
  8 bats
  4 frilled lizards
  5 kobolds
  5 rats
58 creatures vanquished.

Notes
Turn   | Place    | Note
-------+----------+-------------------------------------------
     0 | D:1      | MalarOregon the Ghoul Earth Elementalist began the quest
                  | for the Orb.
     0 | D:1      | Reached XP level 1. HP: 14/14 MP: 2/2
   159 | D:1      | Reached XP level 2. HP: 19/22 MP: 3/3
   405 | D:1      | Reached skill level 1 in Fighting
   426 | D:1      | Reached XP level 3. HP: 5/28 MP: 0/5
  1335 | D:2      | Reached XP level 4. HP: 28/35 MP: 1/6
  1339 | D:2      | Learned a level 2 spell: Passwall
  1343 | D:2      | Learned a level 3 spell: Stone Arrow
  1784 | D:2      | Reached skill level 1 in Transmutations
  2627 | D:3      | Reached XP level 5. HP: 31/40 MP: 7/7
  2640 | D:3      | HP: 1/40 [orc priest/divine providence (11)]
  2645 | D:3      | Killed from afar by an orc priest

Skill      XL: |  1  2  3  4 |
---------------+-------------+-----
Dodging        | 2 |  2.4
Spellcasting   | 2 |  2.3
Fighting       | 1 |  1.9
Stealth        | 3 |  3.1
Transmutations | 1 |  1.2
Conjurations   | |  0.4
Earth Magic    | |  3.9

Action                   |  1- 3 |  4- 6 || total
-------------------------+-------+-------++-------
Melee: Unarmed           |    75 |       ||    75
       Halberd           |    19 |    97 ||   116
 Cast: Sandblast         |    24 |    15 ||    39
  Use: Scroll            |       |     2 ||     2
 Stab: Sleeping          |     3 |     9 ||    12
  Eat: Chunk             |     5 |     5 ||    10
Armor: Robe              |    32 |    12 ||    44
Dodge: Dodged            |    95 |    57 ||   152
